 Dungeon Crawl Stone Soup version 0.19.0-20-gbc5f0c6 (webtiles) character file.

3601 Mesmaeker13 the Firebug (level 10, 0/81 HPs)
             Began as an Ogre Fire Elementalist on Nov 17, 2016.
             Was a Follower of Vehumet.
             Slain by an orc warrior
             ... wielding a +0 glaive
              (19 damage)
             ... on level 8 of the Dungeon.
             The game lasted 00:34:43 (9309 turns).

Mesmaeker13 the Firebug (Ogre Fire Elementalist)    Turns: 9309, Time: 00:34:44

Health: 0/81       AC:  6    Str: 15    XL:     10   Next: 10%
Magic:  5/15       EV:  9    Int: 20    God:    Vehumet [*.....]
Gold:   294        SH:  0    Dex:  5    Spells: 4 memorised, 5 levels left

rFire  + . .     SeeInvis +     P - +9 mace "Foiphy" {crush, Int+3 Dex-5 SInv Stlth+}
rCold  + . .     Gourm    .     r - +2 robe {rC+ rF+}
rNeg   . . .     Faith    .     (no shield)
rPois  .         Spirit   .     (helmet restricted)
rElec  .         Reflect  .     t - +0 cloak
rCorr  +         Harm     +     (gloves unavailable)
MR     +....                    (boots unavailable)
Stlth  ++........               F - amulet of harm
                                s - ring of resist corrosion
                                (no ring)

@: no status effects
A: unfitting armour, tough skin 1
a: Renounce Religion


You were on level 8 of the Dungeon.
You worshipped Vehumet.
Vehumet was aware of your devotion.
You were not hungry.

You visited 2 branches of the dungeon, and saw 9 of its levels.
You also visited: Ossuary.

You collected 294 gold pieces.

Inventory:

Hand Weapons
 P - the +9 mace "Foiphy" (weapon) {crush, Int+3 Dex-5 SInv Stlth+}
   (You found it on level 5 of the Dungeon)

   It inflicts extra damage upon your enemies.
   It affects your intelligence (+3).
   It affects your dexterity (-5).
   It lets you see invisible.
   It makes you more stealthy.
Missiles
 n - 40 poisoned needles
 E - 4 javelins (quivered)
Armour
 r - a +2 robe of resistance (worn)
 t - a +0 cloak (worn)
Jewellery
 s - a ring of resist corrosion (right hand)
 F - an amulet of harm (around neck)
Wands
 S - a wand of paralysis (10/24)
Scrolls
 c - a scroll of recharging
 h - 5 scrolls of teleportation
 l - 2 scrolls of enchant weapon
 p - a scroll of noise {unknown}
 q - 2 scrolls of magic mapping
 y - a scroll of holy word {unknown}
 B - a scroll of vulnerability {unknown}
 H - a scroll of fear
 I - a scroll of fog {unknown}
 N - a scroll of amnesia {unknown}
Potions
 a - a potion of mutation {unknown}
 d - 2 potions of might
 f - 3 potions of heal wounds
 i - 2 potions of curing {unknown}
 k - a potion of magic {unknown}
 m - 2 potions of haste
 o - 2 potions of ambrosia {unknown}
 u - a potion of cancellation {unknown}
 v - 2 potions of lignification
 w - a potion of beneficial mutation {unknown}
 x - a potion of invisibility {unknown}
 z - 3 potions of agility
 A - 4 potions of flight {unknown}
 G - 2 potions of resistance {unknown}
 J - a potion of degeneration {unknown}
Books
 b - a book of Flames

   Spells                             Type                      Level
   a - Flame Tongue                   Conjuration/Fire             1
   b - Throw Flame                    Conjuration/Fire             2
   c - Conjure Flame                  Conjuration/Fire             3
   d - Inner Flame                    Hexes/Fire                   3
   e - Sticky Flame                   Conjuration/Fire             4
   f - Fireball                       Conjuration/Fire             5
 g - a book of Necromancy

   Spells                             Type                      Level
   a - Pain                           Necromancy                   1
   b - Animate Skeleton               Necromancy                   1
   c - Vampiric Draining              Necromancy                   3
   d - Regeneration                   Charms/Necromancy            3
   e - Animate Dead                   Necromancy                   4
   f - Control Undead                 Necromancy                   4
 O - a book of Changes

   Spells                             Type                      Level
   a - Beastly Appendage              Transmutation                1
   b - Sticks to Snakes               Transmutation                2
   c - Spider Form                    Transmutation/Poison         3
   d - Ice Form                       Ice/Transmutation            4
   e - Blade Hands                    Transmutation                5
Comestibles
 j - a beef jerky
 C - 5 chunks of flesh
 D - 2 fruits
 K - 2 bread rations
 M - 2 meat rations


   Skills:
 - Level 1.7 Dodging
 - Level 1.4 Stealth
 + Level 3.8 Spellcasting
 + Level 7.5 Conjurations
 + Level 7.9 Fire Magic


You had 5 spell levels left.
You knew the following spells:

 Your Spells              Type           Power        Failure   Level  Hunger
a - Flame Tongue          Conj/Fire      ####.        1%          1    None
b - Throw Flame           Conj/Fire      ####..       1%          2    ##.....
c - Conjure Flame         Conj/Fire      ####....     1%          3    ###....
d - Fireball              Conj/Fire      ####......   17%         5    ######.


Dungeon Overview and Level Annotations

Branches:
Dungeon (8/15)             Temple (1/1) D:5
   Lair: D:8-11

Altars:
Ashenzari
Cheibriados
Dithmenos
Elyvilon
Gozag
Hepliaklqana
Kikubaaqudgha
Makhleb
Nemelex Xobeh
Okawaru
Qazlal
Ru
Sif Muna
Trog
Uskayaw
Vehumet
Xom
Yredelemnul
Zin
The Shining One

Shops:
D:5 !

Annotations:
D:7 Kenran's ghost, novice HOCK


Innate Abilities, Weirdness & Mutations

You are too large for most types of armour.
You have tough skin. (AC +1)


Message History

Casting: Flame Tongue
Confirm with . or Enter, or press ? or * to list all spells.
Aiming: Flame Tongue
Press: ? - help, Shift-Dir - straight line, f/p - orc warrior
Aim: an orc warrior, wielding a glaive and wearing a plate armour (almost dead)
The flame tongue hits the orc.
The orc appears unharmed.
The orc warrior hits you from afar with a glaive!!
The orc hits you with a mace.
Casting: Flame Tongue
Confirm with . or Enter, or press ? or * to list all spells.
Aiming: Flame Tongue
Press: ? - help, Shift-Dir - straight line, f/p - orc warrior
Aim: an orc warrior, wielding a glaive and wearing a plate armour (almost dead)
The flame tongue hits the orc.
You kill the orc!
Vehumet accepts your kill.
The orc warrior hits you from afar with a glaive!
* * * LOW HITPOINT WARNING * * *
The orc warrior hits you with a glaive!
You die...

#.# #.# # #######.###
.# #.#.........# ..
..).>.....#.# .#
#...........####
.#............#
.#...####o....# ......#
#@....#
#.##..####.....#
#######.##.....#.....#
........##...........##
...................)..#
#...........##........#
#.#######..###........#
#?.........###........#
.(......#...##........#


You could see an orc warrior.

Vanquished Creatures
  A hill giant (D:8)
  Pikel (D:6)
  Grinder (D:6)
  A hippogriff (D:6)
  Sigmund (D:4)
  Menkaure (D:6)
  A water moccasin (D:8)
  2 ice beasts (D:5)
  An orc warrior (D:6)
  2 slaves (D:6)
  A sky beast (D:7)
  A black bear (D:6)
  An ogre (D:7)
  Blork the orc (D:5)
  A water moccasin zombie (D:6)
  A scorpion (D:5)
  2 crimson imps
  3 hounds
  2 jellies (D:6)
  3 orc priests
  A centaur skeleton (D:7)
  Terence (D:2)
  An iguana (D:7)
  9 orc wizards
  3 worker ants
  The ghost of dscm the Insei, a weakling OpTm (D:4)
  The ghost of dscm the Insei, a weakling OpTm (D:3)
  14 mummies (Ossuary)
  A worker ant zombie (D:6)
  4 adders
  8 gnolls
  2 shadow imps
  3 oozes
  2 adder zombies
  A worm (D:5)
  3 dart slugs
  8 leopard geckos
  25 orcs
  7 giant cockroaches
  4 goblins (D:2)
  3 hobgoblins
  11 jackals
  13 kobolds
  4 quokkas
  13 bats
  5 frilled lizards
  2 gnoll skeletons (Ossuary)
  A goblin skeleton (Ossuary)
  2 goblin zombies (D:4)
  A jackal zombie (D:6)
  2 kobold skeletons (Ossuary)
  3 orc skeletons (Ossuary)
  A quokka zombie (D:6)
  11 rats
  11 rat skeletons (Ossuary)
210 creatures vanquished.

Notes
Turn   | Place    | Note
-------+----------+-------------------------------------------
     0 | D:1      | Mesmaeker13 the Ogre Fire Elementalist began the quest for the Orb.
     0 | D:1      | Reached XP level 1. HP: 16/16 MP: 3/3
   189 | D:1      | Reached skill level 1 in Conjurations
   242 | D:1      | Reached XP level 2. HP: 24/24 MP: 5/5
   599 | D:1      | Reached XP level 3. HP: 31/31 MP: 0/6
   935 | D:1      | Reached XP level 4. HP: 39/39 MP: 5/7
  1062 | D:2      | Learned a level 2 spell: Throw Flame
  1764 | D:2      | Noticed Terence
  1778 | D:2      | Killed Terence
  2049 | D:2      | Reached XP level 5. HP: 40/45 MP: 8/8
  2697 | D:3      | Noticed dscm's ghost (weakling OpTm)
  2784 | D:4      | Noticed an ogre
  2800 | D:4      | Reached XP level 6. HP: 36/53 MP: 0/9
  3041 | D:4      | Found a sand-covered staircase.
  3048 | Ossuary  | Entered an ossuary
  4413 | Ossuary  | Reached XP level 7. HP: 55/59 MP: 5/10
  4495 | D:4      | Noticed Sigmund
  5090 | D:4      | Killed Sigmund
  5153 | D:4      | Noticed dscm's ghost (weakling OpTm)
  5175 | D:4      | Killed dscm's ghost
  5413 | D:5      | Entered Level 5 of the Dungeon
  5490 | D:3      | Killed dscm's ghost
  5851 | D:3      | Found a sparkling altar of Nemelex Xobeh.
  5966 | D:5      | Found a staircase to the Ecumenical Temple.
  5973 | Temple   | Entered the Ecumenical Temple
  6073 | Temple   | Became a worshipper of Vehumet
  6145 | D:5      | Noticed Blork the orc
  6152 | D:5      | Killed Blork the orc
  6152 | D:5      | Reached skill level 5 in Fire Magic
  6251 | D:5      | Learned a level 3 spell: Conjure Flame
  6253 | D:5      | Reached XP level 8. HP: 67/67 MP: 9/11
  6653 | D:5      | Found a sacrificial altar of Ru.
  6705 | D:5      | Found Icaecy's Distillery.
  6774 | D:5      | Reached skill level 5 in Conjurations
  7008 | D:5      | Got a brightly glowing mace
  7009 | D:5      | Identified the +9 mace "Foiphy" {crush, Int+3 Dex-5 SInv Stlth+} (You found it on level 5 of the Dungeon)
  7130 | D:6      | Noticed Grinder
  7141 | D:6      | Found a sparkling altar of Nemelex Xobeh.
  7635 | D:6      | Noticed Pikel
  7642 | D:6      | Killed Pikel
  7642 | D:6      | Reached XP level 9. HP: 63/74 MP: 3/12
  7801 | D:6      | Paralysed by Grinder for 3 turns
  7807 | D:6      | Reached * piety under Vehumet
  7807 | D:6      | Offered knowledge of Freeze by Vehumet.
  7820 | D:6      | Killed Grinder
  8190 | D:6      | Noticed Menkaure
  8214 | D:6      | Killed Menkaure
  8861 | D:7      | Noticed Kenran's ghost (novice HOCK)
  8979 | D:8      | Learned a level 5 spell: Fireball
  8979 | D:8      | Noticed a hill giant
  8993 | D:8      | Killed a hill giant
  8993 | D:8      | Reached XP level 10. HP: 41/81 MP: 7/15
  9309 | D:8      | Slain by an orc warrior

Skill      XL: |  1  2  3  4  5  6  7  8  9 |
---------------+----------------------------+-----
Conjurations   | 1 2 3 4 6 7 |  7.5
Fire Magic     | 3 4 5 6 7 |  7.9
Spellcasting   | 3 |  3.8
Dodging        | |  1.7
Stealth        | |  1.4

Action                   |  1- 3 |  4- 6 |  7- 9 | 10-12 || total
-------------------------+-------+-------+-------+-------++-------
Melee: Unarmed           |     5 |       |       |       ||     5
       Dagger            |    23 |    92 |       |       ||   115
       Hand axe          |       |    43 |    82 |       ||   125
       Mace              |       |       |    64 |     7 ||    71
Throw: Javelin           |     9 |    14 |    13 |       ||    36
 Cast: Flame Tongue      |    37 |   142 |   128 |     8 ||   315
       Throw Flame       |       |     3 |    30 |     1 ||    34
       Conjure Flame     |       |       |     1 |       ||     1
       Fireball          |       |       |       |     1 ||     1
Evoke: Wand              |       |       |     2 |       ||     2
  Use: Scroll            |     4 |     6 |     6 |     1 ||    17
       Potion            |       |       |     3 |       ||     3
 Stab: Sleeping          |       |     3 |     2 |     2 ||     7
  Eat: Chunk             |     1 |     3 |    17 |     1 ||    22
       Bread ration      |       |     2 |       |       ||     2
       Beef jerky        |       |       |     1 |       ||     1
Armor: Robe              |    22 |    74 |    70 |       ||   166
       Skin              |       |       |    22 |     5 ||    27
Dodge: Dodged            |    29 |   134 |   105 |     3 ||   271
